MapleLeafs vs BlackHawks

Created - December 19 2011 at 17:23

Goals
1 2 3 T
MapleLeafs 1 0 1 2
BlackHawks 0 1 2 3
Shots
1 2 3 T
MapleLeafs 7 8 16 31
BlackHawks 6 10 12 28

Period #1

1. MapleLeafs , Radek Martinek 3 (Kyle Cumiskey, Adam Hall) at 9:42

Penalties :
Greg Zanon (TOR) for Roughing (Minor) at 4:55, Cody McCormick (CHI) for Hooking (Minor) at 11:19, Greg Zanon (TOR) for Goalie Interference (Minor) at 16:47

Period #2

2. BlackHawks , Hal Gill 3 (Cody McCormick, Mattias Ohlund) at 10:23

Penalties :
Darcy Hordichuk (TOR) for Holding (Minor) at 1:34, Mattias Ohlund (CHI) for Tripping (Minor) at 10:54, Daniel Paille (CHI) for Slashing (Minor) at 15:46, Ed Jovanovski (TOR) for Charging (Minor) at 18:13

Period #3

3. BlackHawks , James Neal 10 (Ron Hainsey) at 6:44 (SH)
4. MapleLeafs , John Mitchell 2 (Andreas Lilja, Greg Zanon) at 11:04 (PP)
5. BlackHawks , Sean Avery 6 (Darren Helm, Mark Eaton) at 17:36

Penalties :
Cody McCormick (CHI) for High sticking (Minor) at 0:21, Mattias Ohlund (CHI) for Roughing (Minor) at 5:50, Mattias Ohlund (CHI) for Tripping (Minor) at 9:53, Tyler Kennedy (CHI) for Cross-checking (Minor) at 11:07

Goalie Stats

Ryan Miller (TOR), 25 saves from 28 shots - (0.893), L, 12-15-6, 59:04 minutes
Jose Theodore (CHI), 29 saves from 31 shots - (0.935), W, 11-10-3, 60:00 minutes

Players Stats

MapleLeafs
Player Name              G  A  P  +/- PIM S  H  SB FO    MP 
------------------------------------------------------------
Adam Hall                0  1  1  -1  0   4  1  2  2/4   20 
Andreas Lilja            0  1  1  -2  0   4  2  1  0/0   21 
Darcy Hordichuk          0  0  0  -1  2   1  2  0  2/3   16 
Drew Doughty             0  0  0   0  0   3  1  0  0/0   22 
Dustin Boyd              0  0  0  -2  0   1  0  0  10/20 20 
Ed Jovanovski            0  0  0   0  2   4  5  2  0/0   23 
Evgeni Malkin            0  0  0   0  0   3  0  0  1/1   9  
Greg Zanon               0  1  1  -2  4   1  1  0  0/0   21 
John Mitchell            1  0  1  -1  0   3  1  0  2/2   12 
Jordin Tootoo            0  0  0   0  0   2  5  0  1/3   20 
Kris Versteeg            0  0  0   0  0   3  0  0  7/16  18 
Kyle Cumiskey            0  1  1   0  0   0  1  0  0/0   12 
Matt Greene              0  0  0   0  0   1  0  0  0/0   4  
Mike Grier               0  0  0  -1  0   0  1  0  0/1   17 
Radek Martinek           1  0  1   0  0   1  2  3  0/0   17 
Ryan Craig               0  0  0   0  0   0  1  0  2/9   9  
Travis Moen              0  0  0   0  0   0  1  0  2/8   17 
Vernon Fiddler           0  0  0   0  0   0  1  0  11/23 15 
BlackHawks
Player Name              G  A  P  +/- PIM S  H  SB FO    MP 
------------------------------------------------------------
Anton Babchuk            0  0  0  -1  0   1  0  0  0/0   22 
Chris Campoli            0  0  0   0  0   1  0  0  0/0   18 
Cody McCormick           0  1  1   0  4   0  0  0  0/0   17 
Daniel Paille            0  0  0   0  2   2  0  0  0/0   6  
Darren Helm              0  1  1   1  0   0  0  1  5/11  15 
Hal Gill                 1  0  1   2  0   2  1  0  0/0   21 
James Neal               1  0  1   1  0   3  3  0  4/6   17 
Jay McClement            0  0  0   0  0   0  0  0  0/0   0  
Joe Thornton             0  0  0   0  0   4  0  0  19/36 21 
Mark Eaton               0  1  1   1  0   0  0  1  0/0   16 
Mathieu Darche           0  0  0   0  0   1  2  0  1/1   18 
Mats Zuccarello          0  0  0   0  0   3  1  0  10/16 20 
Mattias Ohlund           0  1  1   1  6   0  3  0  0/0   21 
Pavel Datsyuk            0  0  0   0  0   1  0  0  5/9   13 
Ron Hainsey              0  1  1   1  0   2  1  0  0/0   21 
Samuel Pahlsson          0  0  0   2  0   1  1  0  6/10  15 
Sean Avery               1  0  1   1  0   2  3  0  0/1   10 
Tyler Kennedy            0  0  0   0  2   5  1  0  0/0   17 

3 Stars

1 - Hal Gill (CHI)
2 - James Neal (CHI)
3 - Sean Avery (CHI)

Power Play

MapleLeafs - 1 on 7 Attempt(s) - 14.29%
BlackHawks - 0 on 4 Attempt(s) - 0.00%

Penalty Kill

MapleLeafs - 4 on 4 Attempt(s) - 100.00% - Score 0 goal in Penalty Kill
BlackHawks - 6 on 7 Attempt(s) - 85.71% - Score 1 goal in Penalty Kill

Game Notes

Pavel Datsyuk is injured at 18:13 of 2nd period (Strained Right Knee)

Finance

Level 1 -- Attendance: 6500 (100.00%) -- Ticket Income $552,500.00
Level 2 -- Attendance: 3985 (79.70%) -- Ticket Income $219,175.00
Level 3 -- Attendance: 3091 (88.31%) -- Ticket Income $92,730.00
Level 4 -- Attendance: 2474 (54.98%) -- Ticket Income $49,480.00
Luxury Box -- Attendance: 978 (97.80%) -- Ticket Income $171,150.00
Game was played at the United Center
Total Attendance: 17028 (83.06%)
Total Ticket Income: $1,167,612.00
Other Income: $214,097.70
Total Income: $1,381,710.00


Play by Play

Period #1

0:01 of 1st period - Vernon Fiddler wins face-off versus Joe Thornton in neutral zone.
0:16 of 1st period - Joe Thornton is hit by Vernon Fiddler and loses puck.
0:20 of 1st period - Icing by Pavel Datsyuk.
0:21 of 1st period - Pavel Datsyuk wins face-off versus Dustin Boyd in BlackHawks zone.
0:21 of 1st period - Pavel Datsyuk is hit by Darcy Hordichuk.
1:19 of 1st period - Kris Versteeg is hit by Mathieu Darche and loses puck.
1:43 of 1st period - Off-side.
1:44 of 1st period - Samuel Pahlsson wins face-off versus Adam Hall in neutral zone.
2:08 of 1st period - Icing by Samuel Pahlsson.
2:09 of 1st period - Samuel Pahlsson wins face-off versus Travis Moen in BlackHawks zone.
2:27 of 1st period - Icing by Mattias Ohlund.
2:28 of 1st period - Samuel Pahlsson wins face-off versus Dustin Boyd in BlackHawks zone.
2:34 of 1st period - Off-side.
2:35 of 1st period - Darren Helm wins face-off versus Vernon Fiddler in neutral zone.
3:32 of 1st period - Off-side.
3:33 of 1st period - Mats Zuccarello wins face-off versus Travis Moen in neutral zone.
4:25 of 1st period - Tyler Kennedy is hit by Andreas Lilja and loses puck.
4:55 of 1st period - Minor Penalty to Greg Zanon for Roughing.
4:56 of 1st period - Vernon Fiddler wins face-off versus Joe Thornton in MapleLeafs zone.
5:22 of 1st period - Icing by Hal Gill.
5:23 of 1st period - Adam Hall wins face-off versus Pavel Datsyuk in BlackHawks zone.
5:46 of 1st period - Shot by Tyler Kennedy.
5:46 of 1st period - Shot Misses the Net.
5:48 of 1st period - Shot by Tyler Kennedy.
5:48 of 1st period - Stopped by Ryan Miller with a rebound.
5:52 of 1st period - Shot by Mats Zuccarello.
5:52 of 1st period - Shot Misses the Net.
5:54 of 1st period - Shot by Mathieu Darche.
5:54 of 1st period - Stopped by Ryan Miller without a rebound.
5:55 of 1st period - Pavel Datsyuk wins face-off versus Vernon Fiddler in MapleLeafs zone.
6:04 of 1st period - Shot by Joe Thornton.
6:04 of 1st period - Shot Blocked by Ed Jovanovski.
6:06 of 1st period - Shot by Chris Campoli.
6:06 of 1st period - Shot Blocked by Ed Jovanovski.
6:45 of 1st period - Shot by Ron Hainsey.
6:45 of 1st period - Stopped by Ryan Miller without a rebound.
6:46 of 1st period - Darren Helm wins face-off versus Adam Hall in MapleLeafs zone.
6:49 of 1st period - Shot by Mark Eaton.
6:49 of 1st period - Deflect By Darren Helm.
6:49 of 1st period - Shot Misses the Net.
8:45 of 1st period - Shot by Mike Grier.
8:45 of 1st period - Shot Misses the Net.
8:47 of 1st period - Shot by Mike Grier.
8:47 of 1st period - Shot Hit the Post.
8:51 of 1st period - Shot by Dustin Boyd.
8:51 of 1st period - Stopped by Jose Theodore without a rebound.
8:52 of 1st period - Joe Thornton wins face-off versus Vernon Fiddler in BlackHawks zone.
9:19 of 1st period - Joe Thornton is hit by Ed Jovanovski and loses puck.
9:28 of 1st period - Shot by Joe Thornton.
9:28 of 1st period - Stopped by Ryan Miller without a rebound.
9:29 of 1st period - Ryan Craig wins face-off versus Sean Avery in MapleLeafs zone.
9:42 of 1st period - Shot by Radek Martinek.
9:42 of 1st period - Goal by Radek Martinek - MapleLeafs : 1 - BlackHawks : 0.
9:43 of 1st period - Mats Zuccarello wins face-off versus Dustin Boyd in neutral zone.
9:52 of 1st period - Dustin Boyd is hit by Mats Zuccarello and loses puck.
9:59 of 1st period - Shot by Mats Zuccarello.
9:59 of 1st period - Stopped by Ryan Miller with a rebound.
10:01 of 1st period - Shot by Ron Hainsey.
10:01 of 1st period - Shot Misses the Net.
10:03 of 1st period - Shot by Mathieu Darche.
10:03 of 1st period - Shot Misses the Net.
11:04 of 1st period - Shot by Daniel Paille.
11:04 of 1st period - Stopped by Ryan Miller without a rebound.
11:05 of 1st period - Samuel Pahlsson wins face-off versus Ryan Craig in MapleLeafs zone.
11:19 of 1st period - Minor Penalty to Cody McCormick for Hooking.
11:20 of 1st period - Kris Versteeg wins face-off versus Pavel Datsyuk in BlackHawks zone.
11:51 of 1st period - Shot by Drew Doughty.
11:51 of 1st period - Stopped by Jose Theodore with a rebound.
12:33 of 1st period - Shot by Kyle Cumiskey.
12:33 of 1st period - Shot Blocked by Darren Helm.
12:35 of 1st period - Shot by Adam Hall.
12:35 of 1st period - Deflect By John Mitchell.
12:35 of 1st period - Stopped by Jose Theodore without a rebound.
12:36 of 1st period - Joe Thornton wins face-off versus Kris Versteeg in BlackHawks zone.
12:53 of 1st period - Shot by Ed Jovanovski.
12:53 of 1st period - Stopped by Jose Theodore without a rebound.
12:54 of 1st period - Pavel Datsyuk wins face-off versus Dustin Boyd in BlackHawks zone.
13:37 of 1st period - Shot by Adam Hall.
13:37 of 1st period - Stopped by Jose Theodore without a rebound.
13:38 of 1st period - Vernon Fiddler wins face-off versus Samuel Pahlsson in BlackHawks zone.
13:46 of 1st period - Icing by Mattias Ohlund.
13:47 of 1st period - Samuel Pahlsson wins face-off versus Travis Moen in BlackHawks zone.
13:47 of 1st period - Samuel Pahlsson is hit by Travis Moen.
14:00 of 1st period - Sean Avery is hit by Ed Jovanovski and loses puck.
14:16 of 1st period - Sean Avery is hit by Ed Jovanovski and loses puck.
14:24 of 1st period - Icing by Matt Greene.
14:25 of 1st period - Mats Zuccarello wins face-off versus Travis Moen in MapleLeafs zone.
14:25 of 1st period - Mats Zuccarello is hit by Ed Jovanovski.
14:59 of 1st period - Shot by Ron Hainsey.
14:59 of 1st period - Shot Blocked by Radek Martinek.
15:51 of 1st period - Icing by Darren Helm.
15:52 of 1st period - Vernon Fiddler wins face-off versus Darren Helm in BlackHawks zone.
16:34 of 1st period - Icing by Mattias Ohlund.
16:35 of 1st period - Joe Thornton wins face-off versus Mike Grier in BlackHawks zone.
16:43 of 1st period - James Neal is hit by Greg Zanon and loses puck.
16:47 of 1st period - Minor Penalty to Greg Zanon for Goalie Interference.
16:48 of 1st period - Adam Hall wins face-off versus Joe Thornton in MapleLeafs zone.
17:37 of 1st period - Hal Gill is hit by Mike Grier and loses puck.
18:56 of 1st period - Icing by Darren Helm.
18:57 of 1st period - Darren Helm wins face-off versus Jordin Tootoo in BlackHawks zone.
18:57 of 1st period - Darren Helm is hit by Jordin Tootoo.
19:13 of 1st period - Icing by Anton Babchuk.
19:14 of 1st period - Jordin Tootoo wins face-off versus Darren Helm in BlackHawks zone.
19:41 of 1st period - Shot by Jordin Tootoo.
19:41 of 1st period - Shot Misses the Net.
19:43 of 1st period - Shot by Matt Greene.
19:43 of 1st period - Stopped by Jose Theodore without a rebound.
19:44 of 1st period - Mats Zuccarello wins face-off versus Dustin Boyd in BlackHawks zone.

Period #2

0:01 of 2nd period - Joe Thornton wins face-off versus Vernon Fiddler in neutral zone.
0:01 of 2nd period - Joe Thornton is hit by Jordin Tootoo.
0:04 of 2nd period - James Neal is hit by Drew Doughty and loses puck.
0:24 of 2nd period - Icing by Drew Doughty.
0:25 of 2nd period - Vernon Fiddler wins face-off versus Mats Zuccarello in MapleLeafs zone.
1:23 of 2nd period - Mike Grier is hit by Mathieu Darche and loses puck.
1:34 of 2nd period - Minor Penalty to Darcy Hordichuk for Holding.
1:35 of 2nd period - Joe Thornton wins face-off versus Travis Moen in MapleLeafs zone.
1:54 of 2nd period - Shot by Joe Thornton.
1:54 of 2nd period - Stopped by Ryan Miller without a rebound.
1:55 of 2nd period - Vernon Fiddler wins face-off versus Joe Thornton in MapleLeafs zone.
2:18 of 2nd period - Shot by Anton Babchuk.
2:18 of 2nd period - Shot Misses the Net.
2:20 of 2nd period - Shot by Mattias Ohlund.
2:20 of 2nd period - Shot Hit the Post.
2:46 of 2nd period - Shot by Adam Hall.
2:46 of 2nd period - Stopped by Jose Theodore with a rebound.
2:56 of 2nd period - Shot by Mats Zuccarello.
2:56 of 2nd period - Shot Blocked by Andreas Lilja.
3:01 of 2nd period - Shot by Mathieu Darche.
3:01 of 2nd period - Shot Misses the Net.
3:03 of 2nd period - Shot by Mats Zuccarello.
3:03 of 2nd period - Stopped by Ryan Miller without a rebound.
3:04 of 2nd period - Joe Thornton wins face-off versus Vernon Fiddler in MapleLeafs zone.
3:55 of 2nd period - Shot by Adam Hall.
3:55 of 2nd period - Stopped by Jose Theodore without a rebound.
3:56 of 2nd period - Darren Helm wins face-off versus Vernon Fiddler in BlackHawks zone.
3:56 of 2nd period - Cody McCormick is hit by Jordin Tootoo and loses puck.
4:12 of 2nd period - Icing by Mark Eaton.
4:13 of 2nd period - Darcy Hordichuk wins face-off versus Darren Helm in BlackHawks zone.
4:30 of 2nd period - Shot by Dustin Boyd.
4:30 of 2nd period - Deflect By Darcy Hordichuk.
4:30 of 2nd period - Stopped by Jose Theodore without a rebound.
4:31 of 2nd period - Mats Zuccarello wins face-off versus Ryan Craig in BlackHawks zone.
4:31 of 2nd period - Chris Campoli is hit by Adam Hall and loses puck.
4:42 of 2nd period - Shot by Chris Campoli.
4:42 of 2nd period - Stopped by Ryan Miller without a rebound.
4:43 of 2nd period - Vernon Fiddler wins face-off versus Samuel Pahlsson in MapleLeafs zone.
4:43 of 2nd period - Vernon Fiddler is hit by Sean Avery.
5:03 of 2nd period - Shot by Sean Avery.
5:03 of 2nd period - Shot Misses the Net.
5:05 of 2nd period - Shot by Samuel Pahlsson.
5:05 of 2nd period - Shot Misses the Net.
5:07 of 2nd period - Shot by Samuel Pahlsson.
5:07 of 2nd period - Shot Misses the Net.
5:09 of 2nd period - Shot by Samuel Pahlsson.
5:09 of 2nd period - Stopped by Ryan Miller without a rebound.
5:10 of 2nd period - Dustin Boyd wins face-off versus Mats Zuccarello in MapleLeafs zone.
5:10 of 2nd period - Dustin Boyd is hit by Tyler Kennedy.
6:17 of 2nd period - Shot by James Neal.
6:17 of 2nd period - Shot Misses the Net.
6:21 of 2nd period - Shot by James Neal.
6:21 of 2nd period - Shot Misses the Net.
6:25 of 2nd period - Shot by Pavel Datsyuk.
6:25 of 2nd period - Stopped by Ryan Miller with a rebound.
6:35 of 2nd period - Shot by James Neal.
6:35 of 2nd period - Shot Blocked by Radek Martinek.
6:39 of 2nd period - Shot by James Neal.
6:39 of 2nd period - Stopped by Ryan Miller with a rebound.
7:12 of 2nd period - Shot by Ed Jovanovski.
7:12 of 2nd period - Stopped by Jose Theodore without a rebound.
7:13 of 2nd period - Dustin Boyd wins face-off versus Mats Zuccarello in BlackHawks zone.
7:33 of 2nd period - Shot by Tyler Kennedy.
7:33 of 2nd period - Shot Misses the Net.
8:33 of 2nd period - Icing by Andreas Lilja.
8:34 of 2nd period - Dustin Boyd wins face-off versus Joe Thornton in MapleLeafs zone.
8:34 of 2nd period - Dustin Boyd is hit by James Neal.
8:39 of 2nd period - Off-side.
8:40 of 2nd period - Vernon Fiddler wins face-off versus Darren Helm in neutral zone.
10:08 of 2nd period - Sean Avery is hit by Radek Martinek and loses puck.
10:13 of 2nd period - Shot by Samuel Pahlsson.
10:13 of 2nd period - Shot Blocked by Adam Hall.
10:15 of 2nd period - Shot by Mattias Ohlund.
10:15 of 2nd period - Shot Blocked by Adam Hall.
10:19 of 2nd period - Shot by Cody McCormick.
10:19 of 2nd period - Shot Blocked by Radek Martinek.
10:21 of 2nd period - Shot by Hal Gill.
10:21 of 2nd period - Stopped by Ryan Miller with a rebound.
10:23 of 2nd period - Shot by Hal Gill.
10:23 of 2nd period - Goal by Hal Gill - MapleLeafs : 1 - BlackHawks : 1.
10:24 of 2nd period - Vernon Fiddler wins face-off versus Joe Thornton in neutral zone.
10:54 of 2nd period - Minor Penalty to Mattias Ohlund for Tripping.
10:55 of 2nd period - Joe Thornton wins face-off versus Kris Versteeg in BlackHawks zone.
11:01 of 2nd period - Icing by Evgeni Malkin.
11:02 of 2nd period - Joe Thornton wins face-off versus Kris Versteeg in MapleLeafs zone.
11:17 of 2nd period - Shot by Kris Versteeg.
11:17 of 2nd period - Stopped by Jose Theodore without a rebound.
11:18 of 2nd period - Pavel Datsyuk wins face-off versus Dustin Boyd in BlackHawks zone.
11:32 of 2nd period - Off-side.
11:33 of 2nd period - Pavel Datsyuk wins face-off versus Kris Versteeg in neutral zone.
12:07 of 2nd period - Icing by Kris Versteeg.
12:08 of 2nd period - Kris Versteeg wins face-off versus Pavel Datsyuk in MapleLeafs zone.
13:07 of 2nd period - Icing by Chris Campoli.
13:08 of 2nd period - Dustin Boyd wins face-off versus Mats Zuccarello in BlackHawks zone.
13:12 of 2nd period - Icing by Ron Hainsey.
13:13 of 2nd period - Dustin Boyd wins face-off versus Mats Zuccarello in BlackHawks zone.
13:32 of 2nd period - Shot by Tyler Kennedy.
13:32 of 2nd period - Stopped by Ryan Miller without a rebound.
13:33 of 2nd period - Samuel Pahlsson wins face-off versus Ryan Craig in MapleLeafs zone.
15:23 of 2nd period - Shot by Kris Versteeg.
15:23 of 2nd period - Shot Misses the Net.
15:25 of 2nd period - Shot by Vernon Fiddler.
15:25 of 2nd period - Shot Misses the Net.
15:29 of 2nd period - Shot by Kris Versteeg.
15:29 of 2nd period - Stopped by Jose Theodore without a rebound.
15:30 of 2nd period - Travis Moen wins face-off versus Darren Helm in BlackHawks zone.
15:46 of 2nd period - Minor Penalty to Daniel Paille for Slashing.
15:47 of 2nd period - Joe Thornton wins face-off versus Kris Versteeg in BlackHawks zone.
16:08 of 2nd period - Shot by Evgeni Malkin.
16:08 of 2nd period - Shot Misses the Net.
16:10 of 2nd period - Shot by Evgeni Malkin.
16:10 of 2nd period - Stopped by Jose Theodore without a rebound.
16:11 of 2nd period - Kris Versteeg wins face-off versus Pavel Datsyuk in BlackHawks zone.
17:13 of 2nd period - Shot by Evgeni Malkin.
17:13 of 2nd period - Stopped by Jose Theodore without a rebound.
17:14 of 2nd period - Dustin Boyd wins face-off versus Joe Thornton in BlackHawks zone.
17:41 of 2nd period - Shot by Greg Zanon.
17:41 of 2nd period - Shot Misses the Net.
18:07 of 2nd period - Shot by Ron Hainsey.
18:07 of 2nd period - Stopped by Ryan Miller without a rebound.
18:08 of 2nd period - Joe Thornton wins face-off versus Vernon Fiddler in MapleLeafs zone.
18:12 of 2nd period - Pavel Datsyuk is hit by Ed Jovanovski and loses puck.
18:13 of 2nd period - Minor Penalty to Ed Jovanovski for Charging.
18:13 of 2nd period - Pavel Datsyuk from BlackHawks is injured at 18:13 of 2nd period (Strained Right Knee).
18:14 of 2nd period - Joe Thornton wins face-off versus Vernon Fiddler in MapleLeafs zone.
19:05 of 2nd period - Shot by Tyler Kennedy.
19:05 of 2nd period - Shot Misses the Net.
19:09 of 2nd period - Shot by Tyler Kennedy.
19:09 of 2nd period - Shot Misses the Net.

Period #3

0:01 of 3rd period - James Neal wins face-off versus Vernon Fiddler in neutral zone.
0:21 of 3rd period - Minor Penalty to Cody McCormick for High sticking.
0:22 of 3rd period - Joe Thornton wins face-off versus Kris Versteeg in BlackHawks zone.
0:28 of 3rd period - Icing by Drew Doughty.
0:29 of 3rd period - Joe Thornton wins face-off versus Kris Versteeg in MapleLeafs zone.
1:02 of 3rd period - Shot by Ed Jovanovski.
1:02 of 3rd period - Stopped by Jose Theodore without a rebound.
1:03 of 3rd period - Dustin Boyd wins face-off versus Joe Thornton in BlackHawks zone.
1:28 of 3rd period - Shot by Andreas Lilja.
1:28 of 3rd period - Shot Blocked by Mark Eaton.
1:32 of 3rd period - Shot by Adam Hall.
1:32 of 3rd period - Stopped by Jose Theodore without a rebound.
1:33 of 3rd period - Joe Thornton wins face-off versus Jordin Tootoo in BlackHawks zone.
1:33 of 3rd period - Anton Babchuk is hit by Jordin Tootoo and loses puck.
2:12 of 3rd period - Greg Zanon is hit by James Neal and loses puck.
2:30 of 3rd period - Chris Campoli is hit by Kyle Cumiskey and loses puck.
2:33 of 3rd period - Shot by Mats Zuccarello.
2:33 of 3rd period - Stopped by Ryan Miller without a rebound.
2:34 of 3rd period - Dustin Boyd wins face-off versus Mats Zuccarello in MapleLeafs zone.
3:02 of 3rd period - Shot by Tyler Kennedy.
3:02 of 3rd period - Stopped by Ryan Miller without a rebound.
3:03 of 3rd period - Ryan Craig wins face-off versus Darren Helm in MapleLeafs zone.
3:18 of 3rd period - Shot by Daniel Paille.
3:18 of 3rd period - Stopped by Ryan Miller without a rebound.
3:19 of 3rd period - Vernon Fiddler wins face-off versus Samuel Pahlsson in MapleLeafs zone.
3:19 of 3rd period - Vernon Fiddler is hit by Samuel Pahlsson.
3:29 of 3rd period - Shot by Cody McCormick.
3:29 of 3rd period - Shot Misses the Net.
3:40 of 3rd period - Off-side.
3:41 of 3rd period - Joe Thornton wins face-off versus Ryan Craig in neutral zone.
3:46 of 3rd period - Shot by Joe Thornton.
3:46 of 3rd period - Shot Misses the Net.
3:54 of 3rd period - Shot by Anton Babchuk.
3:54 of 3rd period - Stopped by Ryan Miller without a rebound.
3:55 of 3rd period - Mats Zuccarello wins face-off versus Dustin Boyd in MapleLeafs zone.
4:18 of 3rd period - Shot by Tyler Kennedy.
4:18 of 3rd period - Stopped by Ryan Miller without a rebound.
4:19 of 3rd period - Darren Helm wins face-off versus Travis Moen in MapleLeafs zone.
4:19 of 3rd period - Anton Babchuk is hit by Radek Martinek and loses puck.
4:23 of 3rd period - Icing by Radek Martinek.
4:24 of 3rd period - Travis Moen wins face-off versus Samuel Pahlsson in MapleLeafs zone.
4:24 of 3rd period - Radek Martinek is hit by Sean Avery and loses puck.
4:31 of 3rd period - Shot by Sean Avery.
4:31 of 3rd period - Shot Misses the Net.
4:56 of 3rd period - Ed Jovanovski is hit by Mattias Ohlund and loses puck.
5:41 of 3rd period - Icing by Andreas Lilja.
5:42 of 3rd period - Joe Thornton wins face-off versus Dustin Boyd in MapleLeafs zone.
5:42 of 3rd period - James Neal is hit by Andreas Lilja and loses puck.
5:50 of 3rd period - Minor Penalty to Mattias Ohlund for Roughing.
5:51 of 3rd period - Joe Thornton wins face-off versus Kris Versteeg in BlackHawks zone.
6:44 of 3rd period - Shot by James Neal.
6:44 of 3rd period - Goal by James Neal - MapleLeafs : 1 - BlackHawks : 2.
6:45 of 3rd period - James Neal wins face-off versus Dustin Boyd in neutral zone.
7:06 of 3rd period - Shot by Andreas Lilja.
7:06 of 3rd period - Shot Misses the Net.
7:10 of 3rd period - Shot by Greg Zanon.
7:10 of 3rd period - Shot Misses the Net.
7:12 of 3rd period - Shot by Andreas Lilja.
7:12 of 3rd period - Stopped by Jose Theodore without a rebound.
7:13 of 3rd period - Kris Versteeg wins face-off versus James Neal in BlackHawks zone.
7:30 of 3rd period - Shot by Drew Doughty.
7:30 of 3rd period - Stopped by Jose Theodore without a rebound.
7:31 of 3rd period - Kris Versteeg wins face-off versus Joe Thornton in BlackHawks zone.
8:15 of 3rd period - Adam Hall is hit by Hal Gill and loses puck.
8:19 of 3rd period - Travis Moen is hit by Mattias Ohlund and loses puck.
8:44 of 3rd period - Shot by Andreas Lilja.
8:44 of 3rd period - Shot Misses the Net.
9:37 of 3rd period - Kris Versteeg is hit by Mattias Ohlund and loses puck.
9:53 of 3rd period - Minor Penalty to Mattias Ohlund for Tripping.
9:54 of 3rd period - Dustin Boyd wins face-off versus Joe Thornton in BlackHawks zone.
9:59 of 3rd period - Shot by Greg Zanon.
9:59 of 3rd period - Stopped by Jose Theodore with a rebound.
10:03 of 3rd period - Shot by Adam Hall.
10:03 of 3rd period - Shot Misses the Net.
10:05 of 3rd period - Shot by John Mitchell.
10:05 of 3rd period - Shot Misses the Net.
10:07 of 3rd period - Shot by John Mitchell.
10:07 of 3rd period - Stopped by Jose Theodore without a rebound.
10:08 of 3rd period - Kris Versteeg wins face-off versus Joe Thornton in BlackHawks zone.
10:21 of 3rd period - Shot by Drew Doughty.
10:21 of 3rd period - Stopped by Jose Theodore without a rebound.
10:22 of 3rd period - Dustin Boyd wins face-off versus Joe Thornton in BlackHawks zone.
10:41 of 3rd period - Shot by Andreas Lilja.
10:41 of 3rd period - Stopped by Jose Theodore without a rebound.
10:42 of 3rd period - James Neal wins face-off versus Kris Versteeg in BlackHawks zone.
10:51 of 3rd period - Darren Helm is hit by Jordin Tootoo and loses puck.
10:56 of 3rd period - Shot by Jordin Tootoo.
10:56 of 3rd period - Stopped by Jose Theodore with a rebound.
10:58 of 3rd period - Shot by Evgeni Malkin.
10:58 of 3rd period - Stopped by Jose Theodore without a rebound.
10:59 of 3rd period - Darcy Hordichuk wins face-off versus Joe Thornton in BlackHawks zone.
11:02 of 3rd period - Shot by Andreas Lilja.
11:02 of 3rd period - Stopped by Jose Theodore with a rebound.
11:04 of 3rd period - Shot by John Mitchell.
11:04 of 3rd period - Goal by John Mitchell - MapleLeafs : 2 - BlackHawks : 2.
11:05 of 3rd period - Mathieu Darche wins face-off versus Ryan Craig in neutral zone.
11:05 of 3rd period - Tyler Kennedy is hit by Ryan Craig and loses puck.
11:07 of 3rd period - Minor Penalty to Tyler Kennedy for Cross-checking.
11:08 of 3rd period - Kris Versteeg wins face-off versus Joe Thornton in BlackHawks zone.
12:03 of 3rd period - Shot by Andreas Lilja.
12:03 of 3rd period - Stopped by Jose Theodore without a rebound.
12:04 of 3rd period - James Neal wins face-off versus Darcy Hordichuk in BlackHawks zone.
12:04 of 3rd period - James Neal is hit by Darcy Hordichuk.
12:14 of 3rd period - Joe Thornton is hit by John Mitchell and loses puck.
13:03 of 3rd period - Shot by Ed Jovanovski.
13:03 of 3rd period - Stopped by Jose Theodore without a rebound.
13:04 of 3rd period - Evgeni Malkin wins face-off versus James Neal in BlackHawks zone.
13:45 of 3rd period - Off-side.
13:46 of 3rd period - Vernon Fiddler wins face-off versus Joe Thornton in neutral zone.
13:55 of 3rd period - Shot by Joe Thornton.
13:55 of 3rd period - Stopped by Ryan Miller with a rebound.
14:19 of 3rd period - Shot by James Neal.
14:19 of 3rd period - Deflect By Joe Thornton.
14:19 of 3rd period - Stopped by Ryan Miller with a rebound.
14:29 of 3rd period - Drew Doughty is hit by James Neal.
14:44 of 3rd period - Icing by Ed Jovanovski.
14:45 of 3rd period - Mats Zuccarello wins face-off versus Vernon Fiddler in MapleLeafs zone.
15:01 of 3rd period - Off-side.
15:02 of 3rd period - Mats Zuccarello wins face-off versus Ryan Craig in neutral zone.
15:20 of 3rd period - Icing by Radek Martinek.
15:21 of 3rd period - Joe Thornton wins face-off versus Ryan Craig in MapleLeafs zone.
15:26 of 3rd period - Shot by James Neal.
15:26 of 3rd period - Stopped by Ryan Miller with a rebound.
17:36 of 3rd period - Shot by Darren Helm.
17:36 of 3rd period - Deflect By Sean Avery.
17:36 of 3rd period - Goal by Sean Avery - MapleLeafs : 2 - BlackHawks : 3.
17:37 of 3rd period - Mats Zuccarello wins face-off versus Vernon Fiddler in neutral zone.
17:57 of 3rd period - Shot by Jordin Tootoo.
17:57 of 3rd period - Stopped by Jose Theodore without a rebound.
17:58 of 3rd period - John Mitchell wins face-off versus Joe Thornton in BlackHawks zone.
18:09 of 3rd period - Shot by Sean Avery.
18:09 of 3rd period - Stopped by Ryan Miller without a rebound.
18:10 of 3rd period - Joe Thornton wins face-off versus Vernon Fiddler in MapleLeafs zone.
18:11 of 3rd period - Shot by Tyler Kennedy.
18:11 of 3rd period - Stopped by Ryan Miller with a rebound.
18:26 of 3rd period - Ed Jovanovski is hit by Sean Avery and loses puck.
18:39 of 3rd period - Shot by Jordin Tootoo.
18:39 of 3rd period - Deflect By Kris Versteeg.
18:39 of 3rd period - Stopped by Jose Theodore without a rebound.
18:40 of 3rd period - Mats Zuccarello wins face-off versus Dustin Boyd in BlackHawks zone.
18:53 of 3rd period - Shot by Dustin Boyd.
18:53 of 3rd period - Shot Misses the Net.
19:01 of 3rd period - MapleLeafs, Ryan Miller is pulled from the net.
19:22 of 3rd period - Jordin Tootoo is hit by Ron Hainsey and loses puck.
19:56 of 3rd period - Icing by Radek Martinek.
19:57 of 3rd period - Ryan Miller from MapleLeafs was sent back in the game.
19:57 of 3rd period - John Mitchell wins face-off versus Joe Thornton in MapleLeafs zone.


Output by the SimonT Hockey Simulator (STHS) for Stephane Roy -- Original Page W3C XHTML 1.0 Valid